Map: Pillars of Gold LE

Players

Creed

  • Race: Terran Terran
  • League: Master
  • Spawn Location: 1:00

MrPotato - Winner!

  • Race: Zerg Zerg
  • League: Master
  • Spawn Location: 7:00

VOD

Have the link to the VOD?

Description

Time

  • Played on: Nov. 5, 2020, 11:32 a.m.
  • Length: 16:24
Show
View Real Time Build Order
Export as new Build Order

Creed Terran 

Build Orders: Reaper Expand 

Get SALT Encoding   

  12  0:00  SCV  
  13  0:12  SCV  
  14  0:18  Supply Depot  
  14  0:24  SCV  
  15  0:40  SCV  
  15  0:41  Barracks  
  16  0:46  Refinery  
  16  0:52  SCV  
  17  1:04  SCV  
  18  1:16  SCV  
  19  1:29  Orbital Command, Reaper  
  20  1:44  Command Center  
  20  1:54  Supply Depot  
  20  1:55  SCV  
  20  2:01  Marine  
  21  2:07  SCV  
  23  2:11  Factory  
  23  2:19  SCV  
  24  2:23  Barracks Reactor  
  24  2:33  SCV  
  25  2:44  Command Center  
  25  2:45  SCV  
  26  2:57  Orbital Command, SCV  
  27  3:02  Starport  
  27  3:14  Hellion  
  27  3:15  Hellion  
  27  3:17  SCV  
  32  3:22  SCV  
  32  3:23  Refinery  
  32  3:24  Marine  
  34  3:30  SCV  
  35  3:35  SCV  
  35  3:37  Hellion x2  
  35  3:41  Viking  
  42  3:49  SCV x2  
  42  3:55  Barracks Tech Lab  
  44  3:57  Orbital Command  
  44  4:01  SCV x2  
  46  4:03  Hellion  
  46  4:04  Hellion  
  50  4:13  SCV x2  
  50  4:15  Liberator  
  55  4:22  Supply Depot  
  55  4:27  SCV x3  
  55  4:29  Marine, Stimpack  
  59  4:33  Hellion  
  61  4:39  Supply Depot  
  61  4:44  Hellion, SCV x3  
  66  4:48  Supply Depot  
  66  4:53  Marine  
  66  4:56  Orbital Command, SCV x2  
  69  5:06  Starport Reactor  
  69  5:12  Engineering Bay x2  
  69  5:14  Supply Depot, Refinery, SCV x2, Factory Reactor, Barracks  
  69  5:15  Barracks  
  69  5:17  Marine  
  69  5:18  Supply Depot  
  72  5:26  SCV  
  73  5:29  SCV  
  73  5:30  SCV  
  75  5:35  Marine  
  75  5:38  SCV  
  75  5:42  Terran Infantry Weapons Level 1, Terran Infantry Armor Level 1  
  77  5:44  SCV x2  
  77  5:49  Barracks x2  
  79  5:50  SCV  
  79  5:53  Marine  
  79  5:56  SCV x2  
  80  6:02  SCV  
  81  6:07  Factory Reactor  
  81  6:08  SCV  
  81  6:09  Marine  
  81  6:10  Refinery, Marine x2  
  81  6:11  Marine x2  
  83  6:14  Combat Shield  
  83  6:15  Medivac x2  
  89  6:24  Supply Depot x2  
  89  6:25  SCV x3  
  91  6:26  Supply Depot  
  91  6:29  Marine x3  
  91  6:30  Marine x2  
  97  6:43  SCV x3  
  97  6:46  Supply Depot  
  97  6:47  Marine x4  
  100  6:49  Supply Depot  
  100  6:50  Barracks Reactor x2  
  104  6:54  Marine  
  104  6:56  Widow Mine x2  
  109  7:03  SCV x3  
  109  7:04  Marine  
  109  7:05  Marine x3  
  116  7:09  Armory  
  116  7:12  Supply Depot, Marine  
  116  7:15  SCV  
  118  7:17  Command Center  
  118  7:19  Widow Mine x2  
  118  7:22  Marine  
  122  7:23  Marine  
  122  7:29  Marine  
  113  7:35  Marine x3  
  113  7:36  Marine x3  
  119  7:40  Widow Mine x2, Marine  
  119  7:41  Marine  
  112  7:46  Marine  
  112  7:50  Refinery  
  113  7:53  Marine x4  
  113  7:54  Marine x2  
  113  7:56  Terran Infantry Weapons Level 2, Terran Infantry Armor Level 2  
  113  7:58  Marine x2  
  120  8:01  Widow Mine  
  120  8:02  Widow Mine  
  120  8:04  Factory, Marine  
  126  8:07  Barracks  
  126  8:09  Barracks  
  126  8:11  Marine x4  
  126  8:12  Marine x2  
  132  8:18  Medivac  
  134  8:24  Marine x3  
  134  8:26  Widow Mine x2  
  141  8:28  Terran Vehicle And Ship Armor Level 1  
  141  8:32  Sensor Tower, SCV  
  141  8:33  SCV x2  
  144  8:34  Supply Depot  
  144  8:35  Supply Depot, Refinery  
  144  8:37  Medivac  
  144  8:43  Marine x5  
  144  8:44  Marine x4  
  144  8:48  Widow Mine  
  148  8:55  Factory Tech Lab  
  145  8:56  Barracks Tech Lab x2, Widow Mine  
  145  9:01  Marine, Barracks  
  145  9:02  Marine x5  
  153  9:08  Marine x2  
  153  9:09  Marine  
  156  9:10  Concussive Shells  
  156  9:11  Widow Mine  
  156  9:13  SCV x3  
  161  9:19  Marine  
  161  9:22  Siege Tank  
  161  9:23  Drilling Claws  
  163  9:25  SCV  
  163  9:26  SCV x2  
  163  9:27  Marauder  
  168  9:37  SCV  
  168  9:38  SCV x2  
  171  9:43  Marine  
  171  9:44  Marine x5  
  171  9:45  Marauder x2, Marine  
  164  9:46  Widow Mine x2  
  164  9:48  Marauder  
  164  9:49  SCV  
  164  9:51  Medivac  
  164  9:52  Medivac  
  158  10:18  Terran Infantry Weapons Level 3, Terran Infantry Armor Level 3  
  148  10:22  Supply Depot  
  148  10:23  Planetary Fortress  
  148  10:24  Supply Depot  
  148  10:41  Refinery  
  148  10:43  Refinery, Marine x2, SCV x2  
  148  10:44  Widow Mine x2  
  148  10:45  Supply Depot, Marauder, Medivac x2  
  148  10:46  Supply Depot, Marine x2  
  164  10:59  Marine x2  
  164  11:01  Siege Tank, Command Center  
  164  11:02  Marauder  
  164  11:04  Marine x4  
  152  11:05  Marauder  
  151  11:16  Marine x4  
  151  11:17  Marine  
  151  11:18  Widow Mine x2  
  160  11:23  Marauder  
  160  11:25  Factory  
  162  11:28  SCV x3  
  165  11:33  Widow Mine, Marine x4  
  165  11:34  Marauder, Sensor Tower  
  165  11:39  Barracks Tech Lab, Marauder  
  175  11:40  SCV  
  175  11:41  Terran Vehicle And Ship Armor Level 2  
  175  11:44  Supply Depot  
  175  11:45  Supply Depot, Marauder  
  178  11:52  Medivac  
  180  12:01  Refinery  
  180  12:05  Medivac  
  180  12:06  Widow Mine x2, Marauder x2  
  180  12:07  Marauder, Command Center  
  188  12:22  Medivac, Marine x5  
  173  12:23  Marauder  
  173  12:28  Siege Tank, Widow Mine x2, Command Center  
  185  12:35  Medivac  
  187  12:38  Marine x2  
  187  12:39  Marauder  
  191  12:45  Ghost Academy  
  191  12:49  Marauder x3  
  191  12:50  Widow Mine  
  199  12:52  Factory Tech Lab  
  196  13:02  Marine x2  
  196  13:03  Marauder  
  184  13:06  Marine x3  
  184  13:11  Marauder  
  164  13:21  Marauder x2, Marine x4  
  164  13:22  SCV x3  
  160  13:34  SCV x3  
  160  13:38  Marine x5  
  160  13:39  Marauder  
  153  13:42  Widow Mine x2  
  153  13:46  SCV x3  
  158  13:55  Orbital Command  
  156  13:57  Siege Tank x2  
  156  13:58  SCV x2  
  156  13:59  Planetary Fortress, SCV  
  165  14:04  Widow Mine x2  
  167  14:10  SCV  
  167  14:11  SCV x2  
  167  14:12  Marine x2  
  167  14:13  Marauder, Marine  
  146  14:17  Marine x2  
  146  14:18  Marauder  
  146  14:20  Marine x2  
  139  14:25  Widow Mine  
  139  14:28  Marine x3  
  139  14:29  Siege Tank  
  147  14:35  Marauder  
  149  14:44  Marine x7  
  149  14:45  Marauder  
  156  14:51  Marauder, Marine x2  
  159  14:54  Widow Mine  
  159  14:55  Widow Mine  
  161  15:01  Orbital Command  
  161  15:04  Marine x4  
  161  15:05  Marauder  
  137  15:30  Command Center, Marine x4  
  137  15:31  Marauder, Command Center  
  141  15:39  Widow Mine x3  
  144  15:43  Medivac x2  
  121  15:57  Marine x3  
  121  15:58  Marauder x3, Marine x3  
  121  15:59  Marauder  
Show
View Real Time Build Order
Export as new Build Order

MrPotato Zerg - Winner!

Build Orders: Hatch First 

Get SALT Encoding   

  12  0:00  Drone  
  13  0:12  Overlord  
  13  0:17  Drone  
  14  0:31  Drone x2  
  16  0:49  Hatchery  
  15  0:52  Drone  
  15  0:56  Drone  
  17  1:01  Drone  
  18  1:10  Extractor  
  17  1:16  Spawning Pool  
  17  1:18  Drone  
  17  1:22  Drone  
  18  1:29  Drone  
  19  1:39  Drone  
  20  1:49  Drone  
  21  2:00  Overlord  
  21  2:02  Queen  
  21  2:03  Queen, Zergling x2  
  26  2:12  Zergling x2  
  26  2:13  Drone  
  28  2:28  Drone  
  28  2:29  Drone  
  30  2:33  Drone x2  
  30  2:36  Metabolic Boost  
  31  2:38  Queen  
  33  2:44  Overlord  
  33  2:48  Drone  
  34  2:57  Drone x2  
  36  3:07  Drone x2  
  38  3:15  Hatchery  
  38  3:16  Drone x4  
  41  3:20  Queen  
  41  3:24  Overlord  
  43  3:36  Drone  
  44  3:41  Overlord  
  44  3:42  Queen  
  44  3:47  Drone  
  47  3:49  Zergling x8  
  47  3:51  Drone  
  52  3:56  Overlord  
  52  4:01  Drone x3  
  55  4:08  Drone  
  55  4:09  Drone  
  57  4:16  Drone  
  58  4:18  Queen  
  58  4:20  Overlord  
  58  4:22  Overlord  
  60  4:29  Drone x5  
  65  4:36  Evolution Chamber, Overlord  
  65  4:37  Evolution Chamber  
  65  4:38  Drone  
  64  4:39  Drone  
  64  4:43  Drone  
  64  4:45  Drone  
  67  4:50  Zergling x2  
  67  4:52  Zergling x2  
  67  4:56  Zergling x2  
  67  4:57  Queen  
  67  4:58  Zergling x6  
  73  5:02  Drone x5, Extractor  
  73  5:03  Spore Crawler  
  73  5:04  Drone x2, Spore Crawler  
  73  5:05  Spore Crawler  
  76  5:08  Zerg Melee Weapons Level 1  
  76  5:10  Zerg Ground Armor Level 1  
  76  5:12  Drone  
  77  5:15  Drone  
  77  5:17  Drone  
  79  5:24  Drone x2, Overlord  
  79  5:26  Baneling Nest, Overlord, Extractor  
  79  5:27  Extractor  
  78  5:30  Drone x3  
  81  5:39  Drone x3  
  84  5:46  Drone x5  
  84  5:47  Lair  
  86  5:53  Extractor  
  86  5:55  Extractor  
  84  5:58  Drone  
  85  6:08  Drone x2  
  85  6:10  Hatchery, Drone x5  
  85  6:11  Drone x2, Overlord  
  93  6:19  Hatchery, Overlord  
  93  6:21  Zergling x8  
  93  6:25  Overlord  
  96  6:31  Zergling x4  
  98  6:32  Baneling  
  98  6:33  Baneling x5  
  98  6:36  Zergling x2  
  99  6:44  Pneumatized Carapace  
  99  6:45  Centrifical Hooks, Overlord  
  99  6:47  Zergling x16  
  107  6:54  Baneling  
  107  6:55  Baneling x2  
  107  6:56  Overseer  
  107  7:03  Drone x6  
  113  7:09  Drone x2  
  113  7:13  Drone x3  
  118  7:16  Zerg Ground Armor Level 2  
  118  7:18  Infestation Pit, Zergling x12  
  118  7:19  Hydralisk Den  
  122  7:27  Zerg Melee Weapons Level 2  
  120  7:30  Zergling x10  
  124  7:46  Hatchery  
  128  7:51  Zergling x18  
  128  7:52  Hatchery  
  128  7:56  Muscular Augments  
  128  7:58  Hive  
  131  8:08  Overseer  
  131  8:10  Baneling x5  
  131  8:12  Hydralisk x5  
  131  8:15  Drone  
  131  8:18  Drone  
  131  8:19  Overlord  
  143  8:24  Overlord  
  143  8:25  Overlord x2  
  143  8:26  Overlord  
  143  8:36  Drone  
  143  8:46  Drone x11  
  150  9:00  Hydralisk x8  
  166  9:03  Baneling x6  
  166  9:06  Overlord  
  166  9:07  Grooved Spines, Overlord  
  166  9:11  Zergling x8  
  166  9:12  Extractor  
  166  9:14  Baneling x5  
  169  9:22  Zergling x16  
  177  9:28  Adrenal Glands  
  177  9:30  Zergling x14  
  184  9:33  Baneling  
  184  9:34  Baneling  
  175  9:46  Hydralisk x9  
  175  9:48  Zergling x4  
  175  9:49  Zergling x4  
  195  10:06  Zergling x22  
  199  10:10  Drone x3  
  199  10:15  Baneling x14  
  199  10:26  Zerg Melee Weapons Level 3  
  199  10:29  Zerg Ground Armor Level 3  
  199  10:32  Baneling x2  
  199  10:40  Spore Crawler, Extractor  
  199  10:42  Hatchery  
  196  10:45  Viper  
  196  10:48  Overlord, Spore Crawler  
  198  10:53  Baneling x5  
  198  10:55  Extractor  
  165  11:05  Zergling x14  
  165  11:06  Zergling x46  
  179  11:12  Viper  
  179  11:16  Zergling x2  
  179  11:21  Zergling x10  
  179  11:24  Baneling x17  
  184  11:30  Drone  
  184  11:31  Drone x2  
  187  11:34  Drone  
  187  11:35  Overlord  
  187  11:36  Zergling x8  
  187  11:37  Overseer  
  187  11:38  Overseer  
  192  11:43  Zergling x6  
  195  11:53  Baneling  
  195  11:54  Baneling x12  
  195  11:59  Ultralisk Cavern  
  194  12:03  Zergling x10  
  176  12:23  Zergling x46  
  176  12:24  Zergling x2  
  176  12:29  Overseer x2  
  200  12:30  Overseer  
  200  12:45  Overseer  
  200  12:46  Overseer  
  200  12:51  Spore Crawler  
  200  12:54  Baneling x5  
  193  13:03  Extractor, Zergling x36  
  193  13:04  Zerg Missile Weapons Level 1, Zergling x4  
  160  13:21  Hydralisk  
  160  13:22  Hydralisk x13, Zergling x26  
  189  13:37  Zergling x8  
  189  13:38  Zergling x26  
  198  13:41  Baneling  
  198  13:42  Baneling  
  198  13:43  Baneling x9  
  198  13:44  Baneling x4  
  193  14:05  Chitinous Plating  
  192  14:15  Zergling x22  
  193  14:19  Overlord x6  
  187  14:30  Overlord  
  187  14:36  Baneling x3  
  187  14:37  Baneling x13  
  187  14:43  Baneling x4  
  187  14:44  Baneling x5, Zergling x36  
  196  14:55  Zergling x12  
  193  15:03  Hydralisk  
  193  15:04  Hydralisk x4  
  200  15:07  Extractor  
  181  15:22  Zergling x42  
  181  15:24  Anabolic Synthesis  
  194  15:35  Zergling x14  
  197  15:38  Zergling x16  
  197  15:42  Baneling x15  
  198  15:50  Baneling x9  
  198  15:51  Baneling  
  189  15:58  Zergling x14  
  189  15:59  Zergling x8  
Tags
 
Add a new tag
Caveats
  • Supply blocks, unpowered buildings, or Contaminate may cause inaccurate times.
  • Supply counts are checked every 10 seconds.